 Dungeon Crawl Stone Soup version 0.29-a0-520-gc852659d43 (webtiles) character file.

Game seed: 8311308388773612404

44 kyalle the Changer (level 3, 0/31 HPs)
             Began as a Naga Transmuter on May 31, 2022.
             Slain by a ball python (2 damage)
             ... on level 2 of the Dungeon.
             The game lasted 00:07:39 (2031 turns).

kyalle the Changer (Naga Transmuter)                Turns: 2031, Time: 00:07:39

Health: 0/31       AC:  2    Str: 12    XL:     3   Next: 60%
Magic:  6/6        EV:  9    Int: 15    God:
Gold:   79         SH:  0    Dex: 11    Spells: 4/7 levels left

rFire   . . .      SeeInvis +     - Unarmed
rCold   . . .      Faith    .   (no shield)
rNeg    . . .      Spirit   .   a - +0 robe
rPois   +          Reflect  .   (helmet currently unavailable)
rElec   .          Harm     .   (no cloak)
rCorr   .          Rampage  .   (no gloves)
Will    .....                   (no barding)
Stlth   +.........              (no amulet)
HPRegen 0.10/turn               (no ring)
MPRegen 0.10/turn               (no ring)

@: appendages, very slow
A: horns 2, AC +1, large, see invisible, deformed body, poison resistance,
slowness 2, spit poison 1, naga tail 1
a: Spit Poison, End Transformation


You were on level 2 of the Dungeon.
You had temporarily grown beastly horns.
You visited 1 branch of the dungeon, and saw 2 of its levels.

You collected 79 gold pieces.

Inventory:

Armour
 a - a +0 robe (worn)
 e - a +1 barding of flying (melded)
Wands
 h - a wand of iceblast (3)
Scrolls
 f - a scroll of fog
 g - a scroll of amnesia
Potions
 b - a potion of lignification
 c - 2 potions of brilliance {unknown}
 d - 3 potions of curing {unknown}
 i - 3 potions of mutation {unknown}


   Skills:
 - Level 1.0 Fighting
 - Level 1.5 Dodging
 - Level 3.0 Unarmed Combat
 + Level 2.6 Spellcasting
 * Level 3.3 Transmutations


You had 4 spell levels left.
You knew the following spells:

 Your Spells              Type           Power      Damage    Failure   Level
a - Beastly Appendage     Tmut           24%        N/A       5%          1
b - Wereblood             Tmut           12%        N/A       8%          2

Your spell library contained the following spells:

 Spells                   Type           Power      Damage    Failure   Level
 Necrotize                Necr           4%         1d4       22%         1
 Spider Form              Tmut/Pois      7%         N/A       30%         3
 Vampiric Draining        Necr           1%         2d6       54%         3
 Ice Form                 Ice/Tmut       7%         N/A       71%         4
 Agony                    Necr           1%         N/A       99%         5


Dungeon Overview and Level Annotations

Branches:
Dungeon (2/15)

Altars:


Innate Abilities, Weirdness & Mutations

You have temporarily grown beastly horns.
Your serpentine skin is tough. (AC +1)
You have supernaturally acute eyesight. (SInv)
Armour fits poorly on your strangely shaped body.
Your system is resistant to poisons. (rPois)
You cover ground very slowly.
You can spit poison.
You have a snake-like lower body.


Message History

The quokka is severely wounded.
The quokka closely misses you. The ball python closely misses you.
You closely miss the quokka.
The quokka is severely wounded.
The quokka bites you.
* * * LOW HITPOINT WARNING * * *
The ball python bites you.
* * * LOW HITPOINT WARNING * * *
You hit the quokka.
You kill the quokka!
The ball python bites you but does no damage.
You barely miss the ball python. Your headbutt misses the ball python.
You punch the ball python.
The ball python is severely wounded.
The ball python bites you but does no damage.
You closely miss the ball python.
The ball python is severely wounded.
The ball python bites you.
* * * LOW HITPOINT WARNING * * *
You barely miss the ball python. Your headbutt misses the ball python.
The ball python is severely wounded.
The ball python bites you.
* * * LOW HITPOINT WARNING * * *
You closely miss the ball python.
The ball python is severely wounded.
The ball python barely misses you. The ball python completely misses you.
You closely miss the ball python.
The ball python is severely wounded.
The ball python bites you.
* * * LOW HITPOINT WARNING * * *
You closely miss the ball python.
The ball python is severely wounded.
The ball python barely misses you.
You closely miss the ball python.
The ball python is severely wounded.
The ball python bites you but does no damage.
You closely miss the ball python.
The ball python is severely wounded.
The ball python bites you.
You die...

#.# . ## #.# ##### .. #.
#.# #...# . .##. #.#
#...# # ... ... #.#
#...# # ....##.##.#
#...# #
...$....#.######...#####
......S@..>.............
.............###...#####
.##..[..#..### #...# #
#.....#..# #####
#.....#..# #######..#
...# ....#


You could see a ball python.

Vanquished Creatures
  An adder (D:2)
  A dart slug (D:1)
  3 endoplasms
  3 giant cockroaches
  2 goblins
  3 hobgoblins
  3 kobolds
  4 quokkas
  2 ball pythons
  3 frilled lizards
  6 rats
31 creatures vanquished.

Notes
Turn   | Place    | Note
-------+----------+-------------------------------------------
     0 | D:1      | kyalle the Naga Transmuter began the quest for the Orb.
     0 | D:1      | Reached XP level 1. HP: 18/18 MP: 3/3
   320 | D:1      | Reached XP level 2. HP: 10/25 MP: 3/5
   620 | D:1      | Found a faded altar of an unknown god.
   658 | D:1      | Learned a level 2 spell: Wereblood
  1180 | D:1      | Reached XP level 3. HP: 14/31 MP: 6/6
  1507 | D:2      | Identified a scroll of acquirement
  1507 | D:2      | Acquired a +1 barding of flying
  2031 | D:2      | Slain by a ball python

Illustrated notes

Levels and vault maps discovered:
D:1:      dpeg_arrival_rooms_c, layout_basic, hellmonk_ecumenical_altar_lost_god
D:2:      layout_basic, serial_shops, shop

Skill      XL: |  1  2 |
---------------+-------+-----
Transmutations | 3 |  3.3
Fighting       | |  1.0
Dodging        | |  1.5
Unarmed Combat | |  3.0
Spellcasting   | |  2.6

Action                   || total
-------------------------++-------
Melee: Unarmed           ||   110
       Headbutt          ||    13
       Punch             ||     3
 Cast: Beastly Appendage ||    13
       Wereblood         ||     3
 Abil: Spit Poison       ||     3
  Use: Scroll            ||     4
Armor: Robe              ||    27
Dodge: Dodged            ||    47

Table legend: (Time is in decaauts)
 A = Elapsed time spent in this place.
 B = Non-inter-level travel time spent in this place.
 C = Inter-level travel time spent in this place.
 D = Time resting spent in this place.
 E = Time spent auto-exploring this place.
 F = Levels seen in this place.
 G = Mean time per level.
                   A        B        C        D        E       F      G
               +--------+--------+--------+--------+--------+-----+--------+
         Total |   2341 |   2269 |     72 |    197 |   1451 |   2 | 1170.5 |
       Dungeon |   2341 |   2269 |     72 |    197 |   1451 |   2 | 1170.5 |
               +--------+--------+--------+--------+--------+-----+--------+

Top non-repeatable levels by time:
     D:1: 1755 daAuts
     D:2: 585 daAuts
